 Dungeon Crawl Stone Soup version 0.30-a0-782-ge64f9170bb (webtiles) character file.

Game seed: 12183154742233049254

925 mopl the Digger (level 7, -7/50 HPs)
             Began as a Grey Draconian Earth Elementalist on Mar 17, 2023.
             Killed by divine providence
             ... invoked by an orc priest
              (10 damage)
             ... on level 5 of the Dungeon.
             The game lasted 00:04:24 (3375 turns).

mopl the Digger (Grey Draconian Earth Elementalist) Turns: 3375, Time: 00:04:25

Health: -7/50      AC: 11    Str: 11    XL:     7   Next: 84%
Magic:  0/23       EV: 12    Int: 17    God:
Gold:   160        SH:  0    Dex: 11    Spells: 9/16 levels left

rFire   . . .      SeeInvis .    i - +1 club (spect)
rCold   . . .      Faith    .    (no shield)
rNeg    . . .      Spirit   +    (body armour unavailable)
rPois   .          Reflect  .    (helmet restricted)
rElec   .          Harm     .    (no cloak)
rCorr   +          Rampage  .    (no gloves)
Will    .....                    (no boots)
Stlth   ++                       s - amulet of guardian spirit
HPRegen 0.28/turn                q - ring of resist corrosion
MPRegen 0.18/turn                b - ring of magical power

@: no status effects
A: AC +11, amphibious, unfitting armour, cold-blooded
a: no special abilities


You were on level 5 of the Dungeon.
You visited 1 branch of the dungeon, and saw 5 of its levels.

You collected 160 gold pieces.

Inventory:

Hand Weapons
 c - a +0 dagger
 i - a +1 spectral club (weapon)
 j - a +0 dagger of protection
Jewellery
 b - a ring of magical power (right hand)
 q - a ring of resist corrosion (left hand)
 s - an amulet of guardian spirit (around neck)
Wands
 m - a wand of quicksilver (2)
 r - a wand of paralysis (14)
Scrolls
 f - 3 scrolls of identify {unknown}
 g - 3 scrolls of enchant armour {unknown}
 h - a scroll of acquirement {unknown}
 n - a scroll of amnesia {unknown}
 o - a scroll of poison {unknown}
 p - a scroll of noise {unknown}
 t - a scroll of silence {unknown}
Potions
 a - a potion of magic
 d - 3 potions of curing
 e - a potion of resistance
 k - 2 potions of mutation {unknown}
 l - 2 potions of ambrosia {unknown}


   Skills:
 - Level 1.7 Dodging
 - Level 1.7 Stealth
 + Level 5.1 Spellcasting
 - Level 5.0 Transmutations
 + Level 7.3 Earth Magic


You had 9 spell levels left.
You knew the following spells:

 Your Spells              Type           Power      Damage    Failure   Level
a - Sandblast             Erth           58%        2d13      1%          1
p - Passwall              Tmut/Erth      20%        N/A       1%          2
t - Petrify               Tmut/Erth      25%        N/A       11%         4

Your spell library contained the following spells:

 Spells                   Type           Power      Damage    Failure   Level
 Stone Arrow              Conj/Erth      32%        3d9       10%         3
 Cigotuvi's Dreadful Rot  Necr/Pois/Air  8%         N/A       22%         2
 Poisonous Vapours        Pois/Air       8%         N/A       22%         2
 Mephitic Cloud           Conj/Pois/Air  4%         N/A       38%         3


Dungeon Overview and Level Annotations

Branches:
Dungeon (5/15)
 Temple: D:4-7

Altars:
Elyvilon
Fedhas
Makhleb

Shops:
D:1 (


Innate Abilities, Weirdness & Mutations

Your dull iron-grey scales are very hard. (AC +11)
You are amphibious.
You cannot fit into any form of body armour.
You are cold-blooded and may be slowed by cold attacks.


Message History

You feel better. The scorpion barely misses you.
You hit the scorpion.
The scorpion is severely wounded.
The scorpion stings you.
The orc priest hits you but does no damage.
The scorpion barely misses you.
You hit the scorpion but do no damage.
The scorpion is severely wounded.
The orc priest misses you.
The scorpion stings you but does no damage.
The orc priest closely misses you.
You hit the orc priest.
The orc priest is almost dead.
The scorpion stings you.
* * * LOW HITPOINT WARNING * * *
You are poisoned.
The scorpion poisons you!
The orc priest hits you with a +0 hand axe.
* * * LOW HITPOINT WARNING * * *
The scorpion barely misses you.
The orc priest attacks as you move away!
The orc priest hits you but does no damage.
* * * LOW HITPOINT WARNING * * *
You feel very sick.
You feel better. The scorpion barely misses you.
You hit the scorpion.
The scorpion is almost dead.
Your +1 spectral club hits the scorpion!
You kill the scorpion!
The orc priest calls down the wrath of Beogh upon you.
Beogh smites you!
* * * LOW HITPOINT WARNING * * *
Casting: Sandblast (safe; 1% risk of failure)
Confirm with . or Enter, or press ? or * to list all spells.
You don't have enough magic to cast this spell.
Unknown command.
Unknown command.
The orc priest mumbles some strange prayers to Beogh against you.
Beogh smites you!
You die...

#..###.####o#o
#..........o.. ###
#.........o.# ....# #.#
#.# ..#.# #.# ##.##
...###.###..)######
#.##......#..)..†.
#.....###...###### .
#@....####.## # ..
#.§........#######
#.#####.###.###.........
#..)...o# #.# ##.#####.<
####)..####.####.# #..
#.[....#...........# ###
..............######
###############


You could see an orc priest.

Vanquished Creatures
  Sigmund (D:2)
  An ogre (D:4)
  A necrophage (D:3)
  2 scorpions (D:5)
  A gnoll bouda (D:5)
  4 orc priests
  2 hounds
  A jelly (D:5)
  Jessica (D:2)
  2 iguanas
  An orc wizard (D:4)
  Terence (D:3)
  3 gnolls (D:5)
  4 adders
  A worm (D:3)
  11 orcs
  9 ball pythons
  3 bats
  3 endoplasms
  3 giant cockroaches
  6 goblins
  6 hobgoblins
  12 jackals
  4 quokkas
  3 frilled lizards
  6 kobolds
  7 rats
99 creatures vanquished.

Notes
Turn   | Place    | Note
-------+----------+-------------------------------------------
     0 | D:1      | mopl the Draconian Earth Elementalist began the quest for
                  | the Orb.
     0 | D:1      | Reached XP level 1. HP: 14/14 MP: 3/3
   104 | D:1      | Reached XP level 2. HP: 6/20 MP: 0/5
   158 | D:1      | Learned a level 2 spell: Passwall
   497 | D:1      | Reached skill level 2 in Transmutations
   498 | D:1      | Reached XP level 3. HP: 24/26 MP: 2/6
   543 | D:1      | Found Soergh's Antique Weapon Emporium.
   965 | D:2      | Noticed Jessica
   969 | D:2      | Killed Jessica
  1015 | D:2      | Reached XP level 4. HP: 33/33 MP: 0/8
  1021 | D:2      | Found a blossoming altar of Fedhas.
  1125 | D:2      | Noticed Sigmund
  1310 | D:2      | Killed Sigmund
  1311 | D:2      | Reached skill level 3 in Spellcasting
  1311 | D:2      | Reached skill level 3 in Transmutations
  1311 | D:2      | Reached skill level 4 in Earth Magic
  1311 | D:2      | Reached XP level 5. HP: 32/38 MP: 8/10
  1626 | D:3      | Noticed Terence
  1631 | D:3      | Killed Terence
  1842 | D:3      | Reached XP level 6. HP: 45/45 MP: 6/11
  1940 | D:3      | Found a burning altar of Makhleb.
  2056 | D:3      | Learned a level 4 spell: Petrify
  2130 | D:3      | Found a white marble altar of Elyvilon.
  2310 | D:3      | Reached skill level 4 in Spellcasting
  2464 | D:4      | Reached skill level 4 in Transmutations
  2529 | D:4      | Reached skill level 5 in Earth Magic
  2737 | D:4      | Your scales start taking on a dull iron-grey colour.
  2737 | D:4      | Reached skill level 6 in Earth Magic
  2737 | D:4      | Reached XP level 7. HP: 39/50 MP: 13/13
  3211 | D:5      | Entered Level 5 of the Dungeon
  3356 | D:5      | Reached skill level 5 in Spellcasting
  3356 | D:5      | Reached skill level 5 in Transmutations
  3356 | D:5      | Reached skill level 7 in Earth Magic
  3374 | D:5      | HP: 2/50 [orc priest/divine providence (11)]
  3375 | D:5      | Killed from afar by an orc priest

Illustrated notes

Levels and vault maps discovered:
D:1:      nagdon_arrival_double_spiral, layout_loops_ring, serial_shops, shop,
          st_stairs_2
D:2:      layout_basic, basic_altar, uniq_jessica, uniq_sigmund
D:3:      layout_rooms, elyvilon_altar_5, bloody_makhleb, uniq_terence
D:4:      layout_basic, nicolae_figureground_pulse
D:5:      layout_loops_ring, lemuel_zombie_altar_kikubaaqudgha,
          gammafunk_temple_overflow_elements, gammafunk_ghost_abyssal_escape

Skill      XL: |  1  2  3  4  5  6  7 |
---------------+----------------------+-----
Transmutations | 2 3 4 5 |  5.0
Spellcasting   | 3 4 5 |  5.1
Earth Magic    | 4 6 7 |  7.3
Dodging        | |  1.7
Stealth        | |  1.7

Action                     |  1- 3 |  4- 6 |  7- 9 || total
---------------------------+-------+-------+-------++-------
  Melee: Unarmed           |    29 |       |       ||    29
         Tailslap          |     7 |     2 |     1 ||    10
         Dagger            |    32 |       |       ||    32
         Club              |     1 |    18 |    14 ||    33
         Punch             |       |       |     1 ||     1
   Cast: Sandblast         |    45 |    69 |    42 ||   156
    Use: Potion            |       |       |     3 ||     3
   Stab: Distracted        |       |     1 |       ||     1
         Sleeping          |       |     1 |       ||     1
 Armour: Skin              |    27 |    13 |    16 ||    56
  Dodge: Dodged            |    75 |    37 |    17 ||   129

Table legend: (Time is in decaauts)
 A = Elapsed time spent in this place.
 B = Non-inter-level travel time spent in this place.
 C = Inter-level travel time spent in this place.
 D = Time resting spent in this place.
 E = Time spent auto-exploring this place.
 F = Levels seen in this place.
 G = Mean time per level.
                   A        B        C        D        E       F      G
               +--------+--------+--------+--------+--------+-----+--------+
         Total |   3464 |   3365 |     99 |    543 |   2133 |   5 |  692.8 |
       Dungeon |   3464 |   3365 |     99 |    543 |   2133 |   5 |  692.8 |
               +--------+--------+--------+--------+--------+-----+--------+

Top non-repeatable levels by time:
     D:1: 1017 daAuts
     D:4: 878 daAuts
     D:3: 739 daAuts
     D:2: 647 daAuts
     D:5: 182 daAuts
